 Dungeon Crawl Stone Soup version 0.21.0-3-g78d12a8bdd (webtiles) character file.

4952 Principatus the Grappler (level 10, -21/91 (92) HPs)
             Began as a Troll Monk on Jan 8, 2018.
             Was a Believer of Makhleb.
             Demolished by a two-headed ogre
             ... wielding a +0 giant club
              (27 damage)
             ... on level 8 of the Dungeon on Jan 9, 2018.
             The game lasted 00:28:48 (8170 turns).

Principatus the Grappler (Troll Monk)               Turns: 8170, Time: 00:28:48

HP:   -21/91 (92)   AC:  7    Str: 30    XL:     10   Next: 28%
MP:   9/9           EV: 11    Int:  6    God:    Makhleb [**....]
Gold: 598           SH:  0    Dex: 14    Spells: 9/9 levels left

rFire    . . .     SeeInvis .   F - +8 war axe "Bimugepibe" {freeze, rC- Str+8}
rCold    . . .     Gourm    +   (no shield)
rNeg     + . .     Faith    .   d - +2 robe {rC+}
rPois    +         Spirit   .   (helmet restricted)
rElec    .         Reflect  .   (no cloak)
rCorr    .         Harm     .   (gloves unavailable)
MR       .....                  (boots unavailable)
Stlth    +++.......             (no amulet)
HPRegen  0.65/turn              w - ring of positive energy
MPRegen  0.11/turn              C - ring of poison resistance

@: no status effects
A: large, unfitting armour, claws 3, fast metabolism 3, gourmand, regeneration
1, shaggy fur 1, tough skin 2
a: Minor Destruction, Renounce Religion


You were on level 8 of the Dungeon.
You worshipped Makhleb.
Makhleb was pleased with you.
You were not hungry.

You visited 2 branches of the dungeon, and saw 10 of its levels.

You collected 598 gold pieces.

Inventory:

Hand Weapons
 F - the +8 war axe "Bimugepibe" (weapon) {freeze, rC- Str+8}
   (You found it on level 8 of the Dungeon)

   It has been specially enchanted to freeze those struck by it, causing extra
   injury to most foes and up to half again as much damage against particularly
   susceptible opponents.
   It can also slow down cold-blooded creatures.
   It affects your strength (+8).
   It makes you vulnerable to cold.
Missiles
 c - 54 stones (quivered)
 l - 8 javelins
 A - 16 poisoned needles
 E - 5 tomahawks
 H - 47 sling bullets
Armour
 a - a +0 robe
 d - a +2 robe of cold resistance (worn)
 s - a +0 large shield
Jewellery
 w - a ring of positive energy (left claw)
 z - an uncursed ring of positive energy
 C - a ring of poison resistance (right claw)
 J - an uncursed ring of ice {unknown}
Wands
 f - a wand of paralysis (15)
 o - a wand of flame (7)
 u - a wand of random effects (37)
 B - a wand of clouds (7)
 D - a wand of disintegration (13)
Scrolls
 g - a scroll of remove curse
 k - 3 scrolls of teleportation
 m - 2 scrolls of noise {unknown}
 t - 2 scrolls of fear
 x - 2 scrolls of amnesia
 y - 2 scrolls of enchant armour {unknown}
 I - 2 scrolls of blinking
Potions
 e - 2 potions of degeneration
 h - a potion of ambrosia
 i - 10 potions of curing
 j - 3 potions of agility
 n - 3 potions of mutation
 p - a potion of invisibility {unknown}
 q - 2 potions of brilliance
 r - a potion of berserk rage {unknown}
 G - 2 potions of flight {unknown}
 K - a potion of might {unknown}
Books
 v - a book of Minor Magic

   Spells                             Type                      Level
   a - Magic Dart                     Conjuration                  1
   b - Blink                          Translocation                2
   c - Call Imp                       Summoning                    2
   d - Slow                           Hexes                        2
   e - Conjure Flame                  Conjuration/Fire             3
   f - Mephitic Cloud                 Conjuration/Poison/Air       3
Comestibles
 b - 11 rations


   Skills:
 - Level 3.8 Fighting
 - Level 3.8 Dodging
 + Level 4.9 Stealth
 * Level 7.9 Shields
 + Level 8.2 Unarmed Combat


You had 9 spell levels left.
You didn't know any spells.

Dungeon Overview and Level Annotations

Branches:
Dungeon (9/15)             Temple (1/1) D:7
   Lair: D:8-11         Orc: D:9-12

Altars:
Ashenzari
Cheibriados
Dithmenos
Elyvilon
Fedhas
Gozag
Hepliaklqana
Kikubaaqudgha
Makhleb
Nemelex Xobeh
Okawaru
Qazlal
Ru
Sif Muna
Trog
Uskayaw
Vehumet
Wu Jian
Xom
Yredelemnul
Zin
The Shining One

Annotations:
D:3 Sigmund


Innate Abilities, Weirdness & Mutations

You are too large for most types of armour.
You have claws for hands.
Your metabolism is lightning-fast.
You like to eat raw meat.
Your natural rate of healing is unusually fast.
You are covered in fur. (AC +1)
You have very tough skin. (AC +2)


Message History

You slash the two-headed ogre! You freeze the two-headed ogre.
The two-headed ogre is almost dead.
The two-headed ogre hits you with a giant club!
The two-headed ogre barely misses you. x2
The two-headed ogre hits you with a giant spiked club!!
* * * LOW HITPOINT WARNING * * *
You hit the two-headed ogre. You freeze the two-headed ogre.
The two-headed ogre is almost dead.
The two-headed ogre barely misses you.
The two-headed ogre hits you with a giant spiked club.
* * * LOW HITPOINT WARNING * * *
You barely miss the two-headed ogre.
The two-headed ogre is almost dead.
The two-headed ogre hits you with a giant club!
* * * LOW HITPOINT WARNING * * *
The two-headed ogre barely misses you.
You barely miss the two-headed ogre. Your claw misses the two-headed ogre.
The two-headed ogre is almost dead.
The two-headed ogre hits you with a giant club!!
You die...

#.............#
##.###
#.###############...#
#.# #......#.# #.#
#.####...# #.# #.#
##### #.# #.# #.# #.#
#.##########.#
#....@O......#
##############


You could see a two-headed ogre.

Vanquished Creatures
  Joseph (D:9)
  Psyche (D:9)
  The ghost of Niezadowolencja the Sneak, an amateur FoEn (D:7)
  A hungry ghost (D:9)
  2 orc warriors
  A black bear (D:9)
  4 ice beasts
  3 sky beasts
  A necrophage (D:6)
  5 ogres
  7 centaurs
  3 bullfrogs
  3 scorpions
  2 howler monkeys
  2 crimson imps
  9 orc wizards
  3 bullfrog skeletons
  2 centaur skeletons
  7 orc priests
  3 hounds
  Jessica (D:3)
  2 iguanas (D:9)
  8 worker ants
  Robin (D:4)
  A worker ant zombie (D:4)
  4 gnolls (D:5)
  8 adders
  A shadow imp (D:7)
  3 oozes (D:1)
  3 adder zombies
  5 worms
  4 dart slugs
  6 leopard geckos
  49 orcs
  A ball python (D:6)
  5 bats
  4 giant cockroaches
  15 goblins
  10 hobgoblins
  11 jackals
  A quokka (D:4)
  2 frilled lizards
  A giant cockroach zombie (D:6)
  A jackal skeleton (D:4)
  A jackal zombie (D:5)
  2 kobolds
  10 rats
221 creatures vanquished.

Notes
Turn   | Place    | Note
-------+----------+-------------------------------------------
     0 | D:1      | Principatus the Troll Monk began the quest for the Orb.
     0 | D:1      | Reached XP level 1. HP: 22/22 MP: 0/0
    51 | D:1      | Reached XP level 2. HP: 28/29 MP: 1/1
   315 | D:1      | Reached XP level 3. HP: 36/36 MP: 2/2
  1064 | D:2      | Reached XP level 4. HP: 44/44 MP: 3/3
  1329 | D:3      | Reached XP level 5. HP: 38/53 MP: 4/4
  1536 | D:3      | Reached skill level 4 in Unarmed Combat
  1632 | D:3      | Noticed Sigmund
  1703 | D:3      | Found an opulent altar of Gozag.
  1810 | D:3      | Noticed Jessica
  1820 | D:3      | Killed Jessica
  1886 | D:4      | Noticed Robin
  1907 | D:4      | Killed Robin
  1980 | D:4      | Noticed a phantom
  1990 | D:4      | Reached XP level 6. HP: 38/61 MP: 5/5
  2781 | D:4      | Reached XP level 7. HP: 58/68 MP: 6/6
  2793 | D:4      | Reached skill level 1 in Shields
  2960 | D:5      | Entered Level 5 of the Dungeon
  3109 | D:4      | Reached skill level 5 in Unarmed Combat
  3765 | D:4      | Reached XP level 8. HP: 19/78 MP: 7/7
  4062 | D:4      | Reached skill level 6 in Unarmed Combat
  4700 | D:6      | Reached skill level 5 in Shields
  4890 | D:6      | Reached XP level 9. HP: 83/84 MP: 8/8
  5186 | D:6      | Found a sparkling altar of Nemelex Xobeh.
  5196 | D:6      | Reached skill level 7 in Unarmed Combat
  5870 | D:7      | Found a staircase to the Ecumenical Temple.
  5879 | Temple   | Entered the Ecumenical Temple
  5986 | Temple   | Became a worshipper of Makhleb the Destroyer
  5986 | Temple   | Reached * piety under Makhleb
  5986 | Temple   | Reached ** piety under Makhleb
  6033 | D:7      | Noticed Niezadowolencja's ghost (amateur FoEn)
  6072 | D:7      | Killed Niezadowolencja's ghost
  6686 | D:8      | Noticed a two-headed ogre
  6841 | D:8      | Got a crystal war axe
  6842 | D:8      | Identified the +8 war axe "Bimugepibe" {freeze, rC- Str+8} (You found it on level 8 of the Dungeon)
  7375 | D:9      | Noticed Joseph
  7389 | D:9      | Killed Joseph
  7521 | D:9      | Reached XP level 10. HP: 89/91 MP: 9/9
  7541 | D:9      | Noticed Psyche
  7549 | D:9      | Killed Psyche
  7549 | D:9      | Reached skill level 8 in Unarmed Combat
  7604 | D:9      | Noticed a death yak
  8081 | D:9      | Noticed a death yak
  8081 | D:9      | Noticed a death yak
  8092 | D:9      | Noticed a two-headed ogre
  8170 | D:8      | Demolished by a two-headed ogre

Skill      XL: |  1  2  3  4  5  6  7  8  9 10 |
---------------+-------------------------------+-----
Fighting       | 3 |  3.8
Dodging        | 3 |  3.8
Unarmed Combat | 4 5 6 7 8 |  8.2
Stealth        | 2 3 4 |  4.9
Shields        | 3 5 7 |  7.9

Action                   |  1- 3 |  4- 6 |  7- 9 | 10-12 || total
-------------------------+-------+-------+-------+-------++-------
Melee: Unarmed           |    93 |   149 |   388 |       ||   630
       Punch             |     1 |     6 |    12 |     2 ||    21
       War axe           |       |       |    27 |    54 ||    81
Throw: Stone             |       |     9 |     9 |     8 ||    26
Invok: Minor Destruction |       |       |       |     1 ||     1
Evoke: Wand              |       |     1 |       |       ||     1
  Use: Scroll            |       |     5 |    11 |       ||    16
       Potion            |       |     1 |     2 |       ||     3
 Stab: Sleeping          |     1 |     2 |     6 |     1 ||    10
  Eat: Chunk             |    15 |    16 |    37 |    11 ||    79
       Ration            |       |       |     1 |       ||     1
Armor: Robe              |    37 |    15 |    74 |    14 ||   140
Dodge: Dodged            |    38 |    57 |   165 |    32 ||   292
Block: Large shield      |       |     7 |    22 |       ||    29
